 Dungeon Crawl Stone Soup version 0.29-a0-668-g12ee2bf84d (webtiles) character file.

Game seed: 5655130689095843151

583 riojii the Insei (level 7, -3/45 HPs)
             Began as an Octopode Transmuter on June 24, 2022.
             Slain by an adder (4 damage)
             ... on level 5 of the Dungeon.
             The game lasted 00:07:19 (6195 turns).

riojii the Insei (Octopode Transmuter)              Turns: 6195, Time: 00:07:20

Health: -3/45      AC:  1    Str: 10    XL:     7   Next: 37%
Magic:  10/10      EV: 13    Int: 15    God:
Gold:   205        SH:  0    Dex: 14    Spells: 6/11 levels left

rFire   . . .      SeeInvis .     - Unarmed
rCold   . . .      Faith    .   (no shield)
rNeg    . . .      Spirit   .   (helmet currently unavailable)
rPois   .          Reflect  .   a - amulet of the acrobat
rElec   .          Harm     .   (no ring)
rCorr   .          Rampage  .   (no ring)
Will    .....                   (no ring)
Stlth   ++........              (no ring)
HPRegen 0.15/turn               (no ring)
MPRegen 0.12/turn               (no ring)
                                (no ring)
                                (no ring)

@: appendages
A: tentacle spike 3, almost no armour, amphibious, 8 rings, camouflage 1,
gelatinous body 1, (nimble swimmer 1), tentacles
a: End Transformation


You were on level 5 of the Dungeon.
One of your tentacles had grown a beastly spike.
You visited 1 branch of the dungeon, and saw 5 of its levels.

You collected 205 gold pieces.

Inventory:

Jewellery
 a - an amulet of the acrobat (around mantle)
Wands
 i - a wand of flame (11)
Scrolls
 h - 2 scrolls of summoning
 m - 2 scrolls of teleportation
Potions
 b - a potion of haste {unknown}
 c - a potion of resistance {unknown}
 d - a potion of might {unknown}
 e - a potion of heal wounds
 f - a potion of cancellation {unknown}
 g - a potion of mutation {unknown}
 k - a potion of degeneration {unknown}
 o - a potion of brilliance {unknown}
 p - 2 potions of curing
 s - 2 potions of berserk rage {unknown}
 t - a potion of attraction {unknown}


   Skills:
 + Level 2.7 Fighting
 - Level 2.6 Dodging
 * Level 5.0 Unarmed Combat
 - Level 2.5 Spellcasting
 * Level 4.4 Transmutations
 * Level 3.0 Ice Magic


You had 6 spell levels left.
You knew the following spells:

 Your Spells              Type           Power      Damage    Failure   Level
a - Beastly Appendage     Tmut           30%        N/A       3%          1
b - Ice Form              Ice/Tmut       13%        N/A       41%         4

Your spell library contained the following spells:

 Spells                   Type           Power      Damage    Failure   Level
 Wereblood                Tmut           15%        N/A       4%          2
 Spider Form              Tmut/Pois      8%         N/A       26%         3
 Blink                    Tloc           2%         N/A       32%         2
 Manifold Assault         Tloc           1%         N/A       99%         5
 Storm Form               Tmut/Air       4%         N/A       100%        7


Dungeon Overview and Level Annotations

Branches:
Dungeon (5/15)             Temple (0/1) D:5

Altars:
Dithmenos
Vehumet
Zin


Innate Abilities, Weirdness & Mutations

One of your tentacles has grown a beastly spike.
You cannot wear most types of armour.
You are amphibious.
You can wear up to eight rings at the same time.
Your skin changes colour to match your surroundings (Stealth+).
Your rubbery body absorbs attacks. (AC +1, EV +1)
((You are camouflaged when in or above water. (Stealth+)))
You have tentacles for arms and can constrict up to eight enemies at once.


Message History

You feel sick.
You are no longer poisoned.
Your transformation is almost over.
Your tentacle spike disappears.
HP restored.
m - 2 scrolls of teleportation (gained 1)
An ogre comes into view. It is wielding a +0 giant spiked club.
An ogre is nearby!
An ogre is nearby!
An ogre is nearby!
One of your tentacles grows a vicious spike.
The ogre shouts!
No target in view!
No target in view!
An ogre is nearby!
An adder comes into view.
Found a stone staircase leading up.
The ogre closely misses you.
You barely miss the ogre.
The adder hisses angrily.
Your tentacle spike misses the ogre.
Your squeeze misses the ogre.
A phantom comes into view.
The ogre hits you with a +0 giant spiked club!
You bludgeon the ogre!
Your tentacle spike misses the ogre.
The ogre is moderately wounded.
You tentacle-slap the ogre but do no damage.
The ogre is moderately wounded.
The ogre hits you with a +0 giant spiked club!!
Ouch! That really hurt!
* * * LOW HITPOINT WARNING * * *
You are too injured to fight recklessly!
You feel much better. The adder bites you.
As you read the scroll of summoning, it crumbles to dust.
Wisps of shadow whirl around you...
The ogre hits you with a +0 giant spiked club!!
Ouch! That really hurt!
* * * LOW HITPOINT WARNING * * *
The phantom closely misses your phantom.
The adder bites you.
You die...

#...##. <# .......
##.## ...... ####
....#
##....###..###...##
.##.....#....#......#.
........#.............
#...........hh.W......
#....|....#...@OW.....
#.........#.###S......
.##.#..........#
##.....
.#..#......##.## ....
............#.# #..
#............# .
#...........#
##..............
#......#........


You could see an ogre (ally target), a phantom, an adder, a friendly phantom
(summoned) and 2 friendly hounds.

Vanquished Creatures
  2 ogres (D:4)
  2 hounds (D:4)
  An orc priest (D:4)
  Terence (D:2)
  An orc wizard (D:4)
  Natasha (thrice) (D:2)
  6 adders
  An ufetubus (D:5)
  8 worms
  2 dart slugs
  8 orcs
  5 endoplasms
  8 giant cockroaches
  2 goblins (D:4)
  9 hobgoblins
  13 jackals
  10 kobolds
  5 quokkas
  9 ball pythons
  9 bats
  6 frilled lizards
  5 rats
116 creatures vanquished.

Vanquished Creatures (others)
  17 plants (D:4)
17 creatures vanquished.

Grand Total: 133 creatures vanquished

Notes
Turn   | Place    | Note
-------+----------+-------------------------------------------
     0 | D:1      | riojii the Octopode Transmuter began the quest for the Orb.
     0 | D:1      | Reached XP level 1. HP: 13/13 MP: 3/3
   181 | D:1      | Reached XP level 2. HP: 4/18 MP: 5/5
   753 | D:1      | Reached XP level 3. HP: 23/23 MP: 4/6
  1752 | D:2      | Noticed Terence
  1757 | D:2      | Noticed Natasha
  1769 | D:2      | Killed Terence
  1770 | D:2      | Reached XP level 4. HP: 14/28 MP: 7/7
  1773 | D:2      | Killed Natasha
  2131 | D:2      | Noticed Natasha
  2137 | D:2      | Killed Natasha
  2138 | D:2      | Reached XP level 5. HP: 31/34 MP: 6/8
  2143 | D:2      | Learned a level 4 spell: Ice Form
  2297 | D:2      | Reached skill level 4 in Unarmed Combat
  2672 | D:2      | Noticed Natasha
  2677 | D:2      | Killed Natasha
  2678 | D:2      | Reached skill level 1 in Ice Magic
  3587 | D:3      | Found a radiant altar of Vehumet.
  4241 | D:4      | Reached XP level 6. HP: 32/39 MP: 9/9
  5015 | D:4      | Found a glowing silver altar of Zin.
  5061 | D:4      | Reached XP level 7. HP: 35/45 MP: 10/10
  5210 | D:4      | Found a shadowy altar of Dithmenos.
  6055 | D:5      | Entered Level 5 of the Dungeon
  6070 | D:5      | Found a staircase to the Ecumenical Temple.
  6104 | D:5      | Reached skill level 5 in Unarmed Combat
  6195 | D:5      | HP: 1/45 [ogre/+0 giant spiked club (27)]
  6195 | D:5      | Slain by an adder

Illustrated notes

Levels and vault maps discovered:
D:1:      kilobyte_arrival_exit_the_forest, layout_rooms,
          minmay_worlds_worst_comb
D:2:      minmay_general_purpose_star, layout_basic, uniq_terence, uniq_natasha
D:3:      layout_basic, lemuel_doored_altar
D:4:      layout_loops_corners, lemuel_coloured_pillars_altar,
          grunt_dithmenos_smoke, serial_bayou_ford_a, nicolae_wormholes
D:5:      lemuel_ratsnest, layout_cave_pools, minmay_temple_entry_antechambers,
          uniq_edmund

Skill      XL: |  1  2  3  4  5  6  7 |
---------------+----------------------+-----
Transmutations | 3 4 |  4.4
Unarmed Combat | 4 5 |  5.0
Fighting       | 2 |  2.7
Ice Magic      | 1 2 3 |  3.0
Dodging        | |  2.6
Spellcasting   | |  2.5

Action                   |  1- 3 |  4- 6 |  7- 9 || total
-------------------------+-------+-------+-------++-------
Melee: Unarmed           |   101 |   110 |    36 ||   247
       Kick              |    22 |    46 |    14 ||    82
       Constrict         |    28 |    27 |    11 ||    66
       Tentacles         |    16 |    25 |     9 ||    50
       Punch             |     3 |     3 |     3 ||     9
 Cast: Beastly Appendage |    25 |    34 |     8 ||    67
  Use: Potion            |     1 |       |     1 ||     2
       Scroll            |       |     3 |    10 ||    13
 Stab: Sleeping          |     6 |     3 |       ||     9
Armor: Skin              |    19 |     5 |       ||    24
Dodge: Dodged            |    65 |    51 |     9 ||   125

Table legend: (Time is in decaauts)
 A = Elapsed time spent in this place.
 B = Non-inter-level travel time spent in this place.
 C = Inter-level travel time spent in this place.
 D = Time resting spent in this place.
 E = Time spent auto-exploring this place.
 F = Levels seen in this place.
 G = Mean time per level.
                   A        B        C        D        E       F      G
               +--------+--------+--------+--------+--------+-----+--------+
         Total |   6176 |   5718 |    458 |    483 |   4505 |   5 | 1235.2 |
       Dungeon |   6176 |   5718 |    458 |    483 |   4505 |   5 | 1235.2 |
               +--------+--------+--------+--------+--------+-----+--------+

Top non-repeatable levels by time:
     D:4: 1918 daAuts
     D:2: 1643 daAuts
     D:1: 1601 daAuts
     D:3: 872 daAuts
     D:5: 139 daAuts
